 Dungeon Crawl Stone Soup version 0.30-a0-920-g7493c07aab (webtiles) character file.

Game seed: 4237573245419228110

340 MachoJfn the Chopper (level 6, -2/46 HPs)
             Began as a Demonspawn Gladiator on Mar 21, 2023.
             Was a Believer of Makhleb.
             Slain by an ogre
             ... wielding a +0 giant club
              (6 damage)
             ... on level 4 of the Dungeon.
             The game lasted 00:11:34 (2873 turns).

MachoJfn the Chopper (Demonspawn Gladiator)         Turns: 2873, Time: 00:11:35

Health: -2/46      AC: 12    Str: 14    XL:     6   Next: 30%
Magic:  6/6        EV:  9    Int: 14    God:    Makhleb [**....]
Gold:   123        SH:  0    Dex: 14    Spells: 5/5 levels left

rFire   x . .      SeeInvis .    o - +2 quarterstaff (chaos)
rCold   + + .      Faith    .    (shield currently unavailable)
rNeg    . . .      Spirit   .    k - +0 ice dragon scales
rPois   .          Reflect  .    i - +2 hat
rElec   .          Rampage  .    p - +0 cloak
rCorr   .                        (no gloves)
Will    .....                    (no boots) Stlth
                                 r - amulet of the acrobat
HPRegen 0.27/turn                g - +4 ring of slaying
MPRegen 0.10/turn                (no ring)

@: mighty, about to teleport
A: claws 1, ignite blood 1, big brain 1
a: Renounce Religion, Minor Destruction


You were on level 4 of the Dungeon.
You worshipped Makhleb.
Makhleb was pleased with you.
You visited 1 branch of the dungeon, and saw 4 of its levels.

You collected 123 gold pieces.

Inventory:

Hand Weapons
 a - a +2 war axe
 o - a +2 quarterstaff of chaos (weapon)
Missiles
 d - 3 throwing nets (quivered)
 e - a javelin
Armour
 b - a +0 leather armour
 i - a +2 hat (worn)
 k - +0 ice dragon scales (worn)
 p - a +0 cloak (worn)
Jewellery
 g - a +4 ring of slaying (left claw)
 r - an amulet of the acrobat (around neck)
Wands
 l - a wand of roots (9)
 t - a wand of digging (7)
Scrolls
 s - a scroll of fog {unknown}
Potions
 c - 2 potions of might
 f - 2 potions of mutation
 j - a potion of brilliance
 n - a potion of degeneration


   Skills:
 + Level 2.9 Fighting
 + Level 4.8 Axes
 + Level 1.4 Staves
 + Level 1.8 Throwing
 + Level 1.7 Armour
 + Level 3.3 Dodging
 + Level 1.4 Stealth


You had 5 spell levels left.
You didn't know any spells.
Your spell library contained the following spells:

 Spells                   Type           Power      Damage    Failure   Level
 Magic Dart               Conj           0%         1d3       86%         1
 Summon Small Mammal      Summ           0%         N/A       86%         1
 Searing Ray              Conj           0%         2d4       94%         2
 Call Canine Familiar     Summ           0%         N/A       99%         3
 Summon Guardian Golem    Hex/Summ       0%         N/A       99%         3
 Fulminant Prism          Conj/Hex       0%         3d5       100%        4


Dungeon Overview and Level Annotations

Branches:
Dungeon (4/15)
 Temple: D:4-7

Altars:
Makhleb
Vehumet


Innate Abilities, Weirdness & Mutations

You have sharp fingernails.
Your demonic aura sometimes causes spilled blood to erupt in flames.
You have an unusually large brain. (Int +2)


Message History

Something hits you but does no damage.
You barely miss something.
You feel sick. Something hits you but does no damage.
You are more poisoned.
You sock something! Makhleb accepts your kill.
Reactivating autopickup.
You feel a bit more experienced.
You feel very sick.
The orc priest looks braver for a moment.
You feel very sick. The orc hits you but does no damage.
The orc priest calls down the wrath of Beogh upon you.
Beogh smites you!
* * * LOW HITPOINT WARNING * * *
Items here: ))) [[ †.
You sock the orc!
You kill the orc!
Makhleb accepts your kill.
You feel better.
* * * LOW HITPOINT WARNING * * *
You feel very sick.
You are confused.
You feel invigorated.
You feel sick.
You feel sick.
You bump into the rock wall.
You feel sick.
You bump into the rock wall.
You feel less invigorated.
You feel less confused.
You feel sick.
You feel sick. The ogre misses you.
Items here: ))) [[ †.
You barely miss the ogre.
You feel sick.
The orc priest calls down the wrath of Beogh upon you.
Beogh smites you!
* * * LOW HITPOINT WARNING * * *
You feel sick.
You are no longer poisoned.
As you read the scroll of teleportation, it crumbles to dust.
You feel strangely unstable. The ogre hits you with a +0 giant club.
You die...

####### ......#
.####.# ...##.#
##### ......#
#####).....
.#.#..# #.@Oo.#
......# ##.#####
##....# #..#
####..# ##.##
####..# ###..#
......#####...##
###.......).###
#.#.##.####
#.#.##.#


You could see an ogre and an orc priest.

Vanquished Creatures
  Crazy Yiuf (D:2)
  2 hounds
  Natasha (thrice) (D:3)
  An orc wizard (D:4)
  Robin (D:2)
  4 adders
  3 worms
  A dart slug (D:1)
  6 orcs
  6 bats
  9 endoplasms
  2 giant cockroaches
  19 goblins
  7 hobgoblins
  4 jackals (D:2)
  2 quokkas
  8 ball pythons
  A frilled lizard (D:2)
  6 kobolds
  4 rats
90 creatures vanquished.

Notes
Turn   | Place    | Note
-------+----------+-------------------------------------------
     0 | D:1      | MachoJfn the Demonspawn Gladiator began the quest for the
                  | Orb.
     0 | D:1      | Reached XP level 1. HP: 16/16 MP: 1/1
    71 | D:1      | Reached skill level 3 in Axes
    78 | D:1      | Gained mutation: You have an unusually large brain. (Int
                  | +2) [demonic ancestry]
    78 | D:1      | Reached XP level 2. HP: 22/22 MP: 2/2
   683 | D:2      | Gained mutation: You have sharp fingernails. [demonic
                  | ancestry]
   683 | D:2      | Reached XP level 3. HP: 27/27 MP: 3/3
   708 | D:2      | Found a runed translucent door.
   870 | D:2      | Reached XP level 4. HP: 33/33 MP: 4/4
   969 | D:2      | Noticed Robin
   987 | D:2      | Killed Robin
  1128 | D:2      | Reached skill level 1 in Stealth
  1317 | D:2      | Noticed Crazy Yiuf
  1410 | D:2      | Reached skill level 1 in Armour
  1624 | D:2      | Killed Crazy Yiuf
  1625 | D:2      | Reached skill level 4 in Axes
  1625 | D:2      | Gained mutation: Your demonic aura sometimes causes spilled
                  | blood to erupt in flames. [demonic ancestry]
  1625 | D:2      | Reached XP level 5. HP: 19/39 MP: 5/5
  1798 | D:3      | Found a faded altar of an unknown god.
  1806 | D:3      | Prayed at the altar of an unknown god.
  1806 | D:3      | Became a worshipper of Makhleb the Destroyer
  1806 | D:3      | Reached * piety under Makhleb
  2010 | D:3      | Noticed Natasha
  2019 | D:3      | Killed Natasha
  2062 | D:3      | Noticed Natasha
  2070 | D:3      | Killed Natasha
  2304 | D:3      | Noticed Natasha
  2308 | D:3      | Killed Natasha
  2309 | D:3      | Reached XP level 6. HP: 46/46 MP: 6/6
  2527 | D:4      | Reached skill level 1 in Staves
  2535 | D:4      | Found a radiant altar of Vehumet.
  2850 | D:4      | Reached ** piety under Makhleb
  2873 | D:4      | Slain by an ogre

Illustrated notes

Levels and vault maps discovered:
D:1:      spicycebolla_arrival_risky_transporter, layout_rooms,
          due_unseen_surprise
D:2:      layout_loops_ring, uniq_robin, uniq_crazy_yiuf_cottage
D:3:      layout_basic, hellmonk_ecumenical_altar_zigzags, uniq_natasha
D:4:      minmay_wonky_spiral, layout_loops_cross,
          mainiacjoe_overflow_concentric_impassable, minmay_diced_spiral

Skill      XL: |  1  2  3  4  5  6 |
---------------+-------------------+-----
Axes           | 3 4 |  4.8
Dodging        | 3 |  3.3
Stealth        | 1 |  1.4
Armour         | 1 |  1.7
Staves         | 1 |  1.4
Fighting       | |  2.9
Throwing       | |  1.8

Action                     |  1- 3 |  4- 6 || total
---------------------------+-------+-------++-------
  Melee: War axe           |    59 |    36 ||    95
         Punch             |     1 |     1 ||     2
         Quarterstaff      |       |    72 ||    72
    Use: Scroll            |     8 |     6 ||    14
         Potion            |     2 |     4 ||     6
   Stab: Sleeping          |     2 |       ||     2
         Paralysed         |       |     1 ||     1
 Armour: Leather armour    |    17 |       ||    17
         Ice dragon scales |     1 |    87 ||    88
  Dodge: Dodged            |    39 |    66 ||   105

Table legend: (Time is in decaauts)
 A = Elapsed time spent in this place.
 B = Non-inter-level travel time spent in this place.
 C = Inter-level travel time spent in this place.
 D = Time resting spent in this place.
 E = Time spent auto-exploring this place.
 F = Levels seen in this place.
 G = Mean time per level.
                   A        B        C        D        E       F      G
               +--------+--------+--------+--------+--------+-----+--------+
         Total |   2921 |   2415 |    506 |    163 |   1719 |   4 |  730.2 |
       Dungeon |   2921 |   2415 |    506 |    163 |   1719 |   4 |  730.2 |
               +--------+--------+--------+--------+--------+-----+--------+

Top non-repeatable levels by time:
     D:2: 1138 daAuts
     D:3: 702 daAuts
     D:1: 618 daAuts
     D:4: 461 daAuts
